 Dungeon Crawl Stone Soup version 0.17-a0-2171-ga91b4ec (webtiles) character file.

352 beardedkeet the Conjurer (level 6, 0/43 HPs)
             Began as a Human Conjurer on Oct 25, 2015.
             Was an Initiate of Qazlal.
             Slain by a gnoll
             ... wielding a +0 spear
              (7 damage)
             ... on level 4 of the Dungeon.
             The game lasted 01:39:23 (5362 turns).

beardedkeet the Conjurer (Human Conjurer)           Turns: 5362, Time: 01:39:23

Health: 0/43       AC:  2    Str: 14    XL:     6   Next: 94%
Magic:  10/10      EV: 13    Int: 18    God:    Qazlal [......]
Gold:   272        SH:  0    Dex: 13    Spells: 2 memorised, 7 levels left

rFire  . . .     SeeInvis +     M - +9 rapier of Loseog {venom, Str+6 SInv}
rCold  . . .     Clarity  .     a - +0 robe
rNeg   . . .     SustAt   .     (no shield)
rPois  .         Gourm    .     (no helmet)
rElec  .         Spirit   .     (no cloak)
rCorr  .         Warding  .     (no gloves)
rMut   .         Stasis   .     (no boots)
MR     .....                    (no amulet)
Stlth  ++........               (no ring)
                                (no ring)

@: not resistant to hostile enchantments, unstealthy
A: no striking features
a: Renounce Religion


You were on level 4 of the Dungeon.
You worshipped Qazlal.
Qazlal was noncommittal.
You were hungry.

You visited 2 branches of the dungeon, and saw 6 of its levels.

You collected 272 gold pieces.

Inventory:

Hand Weapons
 i - a +0 short sword
 n - a +0 dagger
 s - a +3 mace of protection
 u - a +0 dagger
 w - a +0 blowgun
 x - a cursed -1 dagger
 C - a +0 battleaxe
 E - a +0 whip
 F - a +0 trident
 G - a +0 whip
 H - a +0 blowgun
 I - a +0 spear
 M - the +9 rapier of Loseog (weapon) {venom, Str+6 SInv}
   (You found it on level 4 of the Dungeon)

   It poisons the flesh of those it strikes.
   It affects your strength (+6).
   It lets you see invisible.
 N - a +0 giant spiked club
 O - a +1 short sword of venom
Missiles
 c - 96 stones (quivered)
 d - 34 bolts
 e - 56 sling bullets
 y - 17 poisoned needles
 L - 7 arrows
Armour
 a - a +0 robe (worn)
 f - a +0 leather armour
 h - a +0 robe
 j - a +0 leather armour
 k - a +0 shield
Jewellery
 g - an uncursed ring of see invisible
Wands
 q - a wand of digging (12)
Scrolls
 l - a scroll of teleportation {unknown}
 m - 3 scrolls of remove curse
 o - 6 scrolls of identify
 p - a scroll of immolation {unknown}
 r - a scroll of blinking {unknown}
 t - a scroll of recharging {unknown}
 A - a scroll of magic mapping {unknown}
 D - a scroll of fear {unknown}
 J - a scroll of amnesia {unknown}
Potions
 B - a potion of might {unknown}
 K - a potion of lignification {unknown}
Books
 b - a book of Conjurations

   Spells                             Type                      Level
   a - Magic Dart                     Conjuration                  1
   b - Searing Ray                    Conjuration                  2
   c - Dazzling Spray                 Conjuration/Hexes            3
   d - Fulminant Prism                Conjuration/Hexes            4
   e - Iskenderun's Mystic Blast      Conjuration                  4
   f - Iskenderun's Battlesphere      Conjuration/Charms           5
Comestibles
 v - 3 meat rations
 z - a beef jerky
 P - a bread ration


   Skills:
 + Level 1.6 Fighting
 + Level 0.6 Short Blades
 + Level 1.3 Maces & Flails
 + Level 1.6 Armour
 + Level 3.5 Dodging
 + Level 3.2 Stealth
 + Level 0.2 Unarmed Combat
 + Level 2.9 Spellcasting
 + Level 5.1 Conjurations


You had 7 spell levels left.
You knew the following spells:

 Your Spells              Type           Power        Failure   Level  Hunger
a - Magic Dart            Conj           ###.         1%          1    None
b - Searing Ray           Conj           ###...       3%          2    ##.....


Dungeon Overview and Level Annotations

Branches:
Dungeon (5/15)             Temple (1/1) D:4

Altars:
Ashenzari
Cheibriados
Dithmenos
Elyvilon
Fedhas
Gozag
Kikubaaqudgha
Makhleb
Nemelex Xobeh
Okawaru
Qazlal
Trog
Xom
Yredelemnul
Zin

Shops:
D:4 %*

Annotations:
D:4 Purgy, Sigmund
D:5 Grinder


Message History

The gnoll hits you with a whip! The gnoll closely misses you.
There is an open door here.
You kill the gnoll!
Qazlal accepts your kill. The gnoll hits you but does no damage.
Cast which spell? (? or * to list)
Aiming: Magic Dart
Press: ? - help, Shift-Dir - straight line, f - gnoll
Aim: a gnoll, wielding a spear The magic dart hits the gnoll.
The gnoll is heavily wounded.
You are feeling hungry.
The gnoll hits you from afar with a spear.
The gnoll barely misses you.
The gnoll hits you from afar with a spear.
* * * LOW HITPOINT WARNING * * *
The gnoll hits you from afar with a spear!
* * * LOW HITPOINT WARNING * * *
The gnoll hits you from afar with a spear!
You die...

#####...###+####.##.##..###...#
#................+........#
#................#.........
#................#...∩.....
#................#.........
#................#.........
#...[##.####..####.####...#
#....##+#####'####'######+#
#........#@...>#...........
#############.....♣..........
#...#...#...#g..♣.∩.♣........
#.⌠.#.⌠...⌠......+♣..........
#...#...#...#....#...........
##.###.######...####+###...##
#...#...#...#...##...####'###
#.⌠...⌠...⌠.#.....g...#.<.w..
#...#...#...#.........#......


You could see a gnoll.

Vanquished Creatures
  A phantom (D:4)
  An ogre (D:5)
  Terence (D:2)
  5 adders
  2 gnolls (D:4)
  2 oozes (D:1)
  3 worms
  4 orcs (D:3)
  4 bats
  2 giant cockroaches
  5 goblins
  6 hobgoblins
  A ball python (D:1)
  4 giant geckos
  3 giant newts
  2 gnoll zombies (D:3)
  3 jackals (D:2)
  4 kobolds
  A quokka skeleton (D:4)
  7 rats
61 creatures vanquished.

Notes
Turn   | Place    | Note
--------------------------------------------------------------
     0 | D:1      | beardedkeet the Human Conjurer began the quest for the Orb.
     0 | D:1      | Reached XP level 1. HP: 13/13 MP: 3/3
   402 | D:1      | Reached XP level 2. HP: 11/19 MP: 3/5
   638 | D:1      | Learned a level 2 spell: Searing Ray
   954 | D:1      | Reached XP level 3. HP: 24/24 MP: 4/6
  1522 | D:2      | Reached XP level 4. HP: 9/31 MP: 0/7
  1770 | D:2      | Found a shimmering altar of Xom.
  1857 | D:2      | Noticed Terence
  2115 | D:2      | Killed Terence
  2115 | D:2      | Reached skill level 1 in Armour
  2559 | D:2      | Reached skill level 1 in Fighting
  2597 | D:2      | Reached XP level 5. HP: 28/37 MP: 8/8
  3792 | D:3      | Found a basalt altar of Yredelemnul.
  3956 | D:4      | Noticed Sigmund
  3984 | D:4      | Found Atu Haep's Food Shoppe.
  4015 | D:4      | Found a staircase to the Ecumenical Temple.
  4022 | Temple   | Entered the Ecumenical Temple
  4375 | Temple   | Became a worshipper of Qazlal Stormbringer
  4449 | D:4      | Found Vairchaz's General Store.
  4556 | D:4      | Noticed a phantom
  4686 | D:4      | Killed a phantom
  4686 | D:4      | Reached skill level 1 in Maces & Flails
  4686 | D:4      | Reached XP level 6. HP: 29/43 MP: 0/10
  4819 | D:4      | Got a shimmering rapier
  4825 | D:4      | Identified the +9 rapier of Loseog {venom, Str+6 SInv} (You found it on level 4 of the Dungeon)
  4847 | D:4      | Noticed Purgy
  4851 | D:4      | Noticed an ogre
  4910 | D:5      | Entered Level 5 of the Dungeon
  4945 | D:5      | Killed an ogre
  4945 | D:5      | Reached skill level 5 in Conjurations
  5314 | D:5      | Noticed Grinder
  5315 | D:5      | Paralysed by Grinder for 5 turns
  5362 | D:4      | Slain by a gnoll

Vault maps used:
D:1:      dpeg_arrival_court
D:2:      xom_butterflies, uniq_terence
D:3:      lemuel_zombie_altar_yredelemnul, first_bread
D:4:      led_sif_book, minmay_temple_entry_nine_rooms, serial_shops, shop,
          nicolae_shop_behind_doors, shop, shop, nicolae_shop_trees,
          hangedman_decor_clover_reticule, uniq_purgy, uniq_sigmund
D:5:      serial_shops, nicolae_shop_trees, uniq_grinder
Temple:   nicolae_temple_god_jail

Action                   |  1- 3 |  4- 6 || total
-------------------------+-------+-------++-------
Melee: Unarmed           |    13 |       ||    13
       Short sword       |    44 |       ||    44
       Dagger            |    31 |    18 ||    49
       Mace              |       |    90 ||    90
       Rapier            |       |     2 ||     2
 Cast: Magic Dart        |     8 |    29 ||    37
       Searing Ray       |     4 |    25 ||    29
  Use: Scroll            |     2 |     1 ||     3
 Stab: Sleeping          |     1 |     7 ||     8
       Distracted        |     1 |       ||     1
  Eat: Bread ration      |     1 |     2 ||     3
       Chunk             |       |     1 ||     1
       Pizza             |       |     1 ||     1
